 Dungeon Crawl Stone Soup version 0.20.1 (console) character file.

111 bli the Sneak (level 4, -1/33 HPs)
             Began as an Octopode Monk on July 2, 2017.
             Succumbed to a worker ant's poison
             ... on level 4 of the Dungeon.
             The game lasted 00:08:04 (2029 turns).

bli the Sneak (Octopode Monk)                       Turns: 2029, Time: 00:08:05

Health: -1/33      AC:  1    Str: 16    XL:     4   Next: 92%
Magic:  4/4        EV: 14    Int: 12    God:
Gold:   187        SH:  0    Dex: 14    Spells: 3/3 levels left

rFire    . . .     SeeInvis .     - Unarmed
rCold    . . .     Gourm    .   (no shield)
rNeg     . . .     Faith    .   (helmet restricted)
rPois    .         Spirit   .   (no amulet)
rElec    .         Reflect  .   (no ring)
rCorr    .         Harm     .   (no ring)
MR       .....                  (no ring)
Stlth    ++++......             (no ring)
Regen    0.2/turn               (no ring)
MPRegen  0.1/turn               (no ring)
                                (no ring)
                                (no ring)

@: mighty, lethally poisoned (-1 -> -19)
A: almost no armour, stealthy swim, amphibious, 8 rings, constrict 8, camouflage
1, gelatinous body 1
a: no special abilities


You were on level 4 of the Dungeon.
You were hungry.

You visited 1 branch of the dungeon, and saw 4 of its levels.

You collected 187 gold pieces.

Inventory:

Armour
 t - a scarf of resistance
Wands
 l - a wand of disintegration (10/24)
Scrolls
 b - a scroll of noise {unknown}
 c - a scroll of random uselessness {unknown}
 e - 2 scrolls of fear {unknown}
 k - 2 scrolls of enchant weapon {unknown}
 m - 3 scrolls of teleportation {unknown}
 q - 5 scrolls of identify {unknown}
 s - 2 scrolls of immolation {unknown}
 u - a scroll of magic mapping {unknown}
Potions
 d - a potion of flight {unknown}
 i - a potion of berserk rage {unknown}
 n - a potion of lignification {unknown}
 o - a potion of curing {unknown}
 p - a potion of ambrosia {unknown}
 r - a potion of invisibility {unknown}
Comestibles
 a - 4 bread rations
 f - 5 fruits
 g - a meat ration
 j - 2 royal jellies


   Skills:
 * Level 3.7 Fighting
 * Level 3.5 Dodging
 - Level 4.0 Stealth
 * Level 4.0 Unarmed Combat


You had 3 spell levels left.
You didn't know any spells.

Dungeon Overview and Level Annotations

Branches:
Dungeon (4/15)
 Temple: D:4-7

Altars:
Fedhas
Ru
Zin
The Shining One


Innate Abilities, Weirdness & Mutations

You cannot wear most types of armour.
You are very stealthy in the water. (Stealth+)
You are amphibious.
You can wear up to eight rings at the same time.
You can use your tentacles to constrict eight enemies at once.
Your skin changes colour to match your surroundings (Stealth+).
Your rubbery body absorbs attacks. (AC +1, EV +1)


Message History

The adder poisons you! The worker ant misses you.
You tentacle-slap the worker ant but do no damage.
You grab the worker ant. You tentacle-slap the worker ant.
You squeeze the worker ant.
The worker ant is moderately wounded.
You constrict the worker ant, but do no damage.
You feel sick. The adder barely misses you. The worker ant bites you!
The worker ant bites you.
* * * LOW HITPOINT WARNING * * *
You are more poisoned.
The worker ant poisons you! The adder bites you.
* * * LOW HITPOINT WARNING * * *
You barely miss the adder. Your grab misses the adder.
You constrict the worker ant, but do no damage.
* * * LOW HITPOINT WARNING * * *
You feel sick. The worker ant misses you. The adder bites you.
* * * LOW HITPOINT WARNING * * *
The worker ant bites you.
* * * LOW HITPOINT WARNING * * *
You feel very mighty all of a sudden.
You constrict the worker ant.
You die...

... ...........#
...............# ##########
..........>....# ##...##....
#... #.......## #..........
##...##........# #<.........
...............########.........
..............##.....##.........
...............#>....##...###..#
...............#a....##..)###..#
...............@S....#.....+....
...............#a....#.....#....
##...##.......##.....##....#....
#... #'########.....##....#....
.(.. #.......##.........(.#....
.... #....................#....
... #..............##+#####...
#.......##.....##....##...
#.......##.....##....#....
#.......##...........#....
#........#...........#....


You could see 2 worker ants and an adder.

Vanquished Creatures
  A bullfrog skeleton (D:4)
  An ooze (D:4)
  A worm (D:3)
  3 dart slugs
  A leopard gecko (D:2)
  2 orcs
  6 giant cockroaches
  3 goblins
  8 hobgoblins
  11 jackals
  A quokka (D:2)
  7 bats
  6 frilled lizards
  4 kobolds
  A quokka skeleton (D:4)
  6 rats
62 creatures vanquished.

Notes
Turn   | Place    | Note
-------+----------+-------------------------------------------
     0 | D:1      | bli the Octopode Monk began the quest for the Orb.
     0 | D:1      | Reached XP level 1. HP: 16/16 MP: 1/1
   319 | D:1      | Reached XP level 2. HP: 20/21 MP: 2/2
   515 | D:1      | Reached XP level 3. HP: 21/26 MP: 3/3
  1497 | D:3      | Reached XP level 4. HP: 31/31 MP: 4/4
  1624 | D:3      | Found a sacrificial altar of Ru.
  1634 | D:3      | Found a blossoming altar of Fedhas.
  1648 | D:3      | Found a glowing silver altar of Zin.
  1651 | D:3      | Found a glowing golden altar of the Shining One.
  2028 | D:4      | HP: 1/33 [worker ant (1)]
  2029 | D:4      | Succumbed to a worker ant's poison

Skill      XL: |  1  2  3  4 |
---------------+-------------+-----
Stealth        | 3 4 |  4.0
Unarmed Combat | 4 |  4.0
Fighting       | |  3.7
Dodging        | |  3.5

Action                   |  1- 3 |  4- 6 || total
-------------------------+-------+-------++-------
Melee: Unarmed           |    86 |    43 ||   129
       Constrict         |    27 |     8 ||    35
       Tentacles         |    16 |     9 ||    25
       Punch             |     2 |     3 ||     5
  Use: Potion            |       |     1 ||     1
 Stab: Sleeping          |    17 |     9 ||    26
       Distracted        |       |     1 ||     1
  Eat: Chunk             |     2 |     1 ||     3
Armor: Skin              |     5 |     5 ||    10
Dodge: Dodged            |    52 |    14 ||    66
